 Dungeon Crawl Stone Soup version 0.28.0-1-gb440e238dd (webtiles) character file.

Game seed: 4956504663494152502

648 Kaptain the Digger (level 7, -11/45 HPs)
             Began as an Octopode Earth Elementalist on Feb 21, 2022.
             Mangled by an ice beast (14 damage)
             ... on level 5 of the Dungeon.
             The game lasted 00:11:22 (4669 turns).

Kaptain the Digger (Octopode Earth Elementalist)    Turns: 4669, Time: 00:11:23

Health: -11/45     AC:  1    Str: 10    XL:     7   Next: 53%
Magic:  2/13       EV: 13    Int: 17    God:
Gold:   200        SH:  0    Dex: 12    Spells: 8/14 levels left

rFire   . . .      SeeInvis .   o - +0 hunting sling
rCold   . . .      Faith    .   (no shield)
rNeg    . . .      Spirit   .   (helmet restricted)
rPois   .          Reflect  .   (no amulet)
rElec   .          Harm     .   i - ring of resist corrosion
rCorr   +          Rampage  .   (no ring)
Will    .....                   (no ring)
Stlth   ++++......              (no ring)
HPRegen 0.15/turn               (no ring)
MPRegen 0.13/turn               (no ring)
                                (no ring)
                                (no ring)

@: no status effects
A: almost no armour, amphibious, 8 rings, camouflage 1, gelatinous body 1,
(nimble swimmer 1), tentacles
a: no special abilities


You were on level 5 of the Dungeon.
You visited 1 branch of the dungeon, and saw 5 of its levels.

You collected 200 gold pieces.

Inventory:

Hand Weapons
 f - a +0 rapier
 n - a +3 trident of venom
 o - a +0 hunting sling (weapon)
Missiles
 a - 83 sling bullets (quivered ammo)
 b - 123 stones
 e - 12 poisoned darts
Jewellery
 i - a ring of resist corrosion (left tentacle)
Wands
 t - a wand of paralysis (4)
Scrolls
 c - 4 scrolls of enchant weapon
 d - 2 scrolls of fog {unknown}
 h - a scroll of vulnerability {unknown}
 j - a scroll of brand weapon {unknown}
 m - a scroll of amnesia {unknown}
 p - a scroll of magic mapping {unknown}
 q - a scroll of noise {unknown}
 r - a scroll of teleportation {unknown}
 v - a scroll of torment {unknown}
Potions
 g - a potion of resistance
 k - a potion of haste
 s - a potion of brilliance {unknown}
 w - a potion of might {unknown}


   Skills:
 + Level 2.3 Fighting
 + Level 3.2 Dodging
 + Level 4.5 Stealth
 * Level 4.0 Spellcasting
 * Level 2.9 Conjurations
 - Level 1.0 Transmutations
 * Level 5.0 Earth Magic


You had 8 spell levels left.
You knew the following spells:

 Your Spells              Type           Power      Damage    Failure   Level
a - Sandblast             Erth           40%        2d10      1%          1
b - Stone Arrow           Conj/Erth      32%        3d9       10%         3
c - Animate Skeleton      Necr           6%         N/A       16%         1
d - Summon Small Mammal   Summ           12%        N/A       16%         1

Your spell library contained the following spells:

 Spells                   Type           Power      Damage    Failure   Level
 Passwall                 Tmut/Erth      10%        N/A       7%          2
 Apportation              Tloc           6%         N/A       16%         1
 Petrify                  Tmut/Erth      13%        N/A       41%         4
 Borgnjor's Vile Clutch   Necr/Erth      5%         N/A       83%         5
 Alistair's Intoxication  Tmut/Pois      3%         N/A       98%         5
 Eringya's Noxious Bog    Tmut/Pois      2%         N/A       100%        6


Dungeon Overview and Level Annotations

Branches:
Dungeon (5/15)
 Temple: D:4-7

Altars:
Cheibriados
Ru
Yredelemnul


Innate Abilities, Weirdness & Mutations

You cannot wear most types of armour.
You are amphibious.
You can wear up to eight rings at the same time.
Your skin changes colour to match your surroundings (Stealth+).
Your rubbery body absorbs attacks. (AC +1, EV +1)
((You are camouflaged when in or above water. (Stealth+)))
You have tentacles for arms and can constrict up to eight enemies at once.


Message History

Casting: Sandblast (safe; 1% risk of failure)
Confirm with . or Enter, or press ? or * to list all spells.
Aiming: Sandblast (safe; 1% risk of failure)
Press: ? - help, Shift-Dir - straight line, f/p - ice beast
Aim: an ice beast (severely wounded, 81% to hit)
The blast of sand hits the ice beast!
The ice beast is almost dead.
b - 126 stones The ice beast completely misses you.
Casting: Sandblast (safe; 1% risk of failure)
Confirm with . or Enter, or press ? or * to list all spells.
Aiming: Sandblast (safe; 1% risk of failure)
Press: ? - help, Shift-Dir - straight line, f/p - ice beast
Aim: an ice beast (almost dead, 81% to hit)
The blast of sand hits the ice beast.
The ice beast is almost dead.
b - 125 stones The ice beast hits you.
The ice beast freezes you!
Unknown command.
Casting: Sandblast (safe; 1% risk of failure)
Confirm with . or Enter, or press ? or * to list all spells.
Aiming: Sandblast (safe; 1% risk of failure)
Press: ? - help, Shift-Dir - straight line, f/p - ice beast
Aim: an ice beast (almost dead, 81% to hit)
The blast of sand misses the ice beast.
b - 124 stones The ice beast hits you.
The ice beast freezes you!
* * * LOW HITPOINT WARNING * * *
Unknown command.
Casting: Sandblast (safe; 1% risk of failure)
Confirm with . or Enter, or press ? or * to list all spells.
Aiming: Sandblast (safe; 1% risk of failure)
Press: ? - help, Shift-Dir - straight line, f/p - ice beast
Aim: an ice beast (almost dead, 81% to hit)
The blast of sand misses the ice beast.
b - 123 stones The ice beast hits you.
* * * LOW HITPOINT WARNING * * *
The ice beast freezes you!
You die...

#.......#..... ..
#............. #.
#............# #.##
#...........## ...
##........#<.## #..
#...###........ #..
##...# #........
#..##...####........
#..@.......#........
#..Y................
.....).................
...............#........
#..(...(..)......##..#.#
.................##.##.#
(....#..#........#
(..#.#.(#......#.#


You could see an ice beast.

Vanquished Creatures
  The ghost of Miritol the Chopper, an amateur PaDe (D:4)
  A water moccasin (D:4)
  A phantom (D:4)
  A water moccasin zombie (D:5)
  A jelly (D:4)
  An iron imp (D:3)
  Ijyb (D:4)
  A killer bee zombie (D:5)
  6 gnolls
  3 adders (D:3)
  4 worms
  5 bats
  9 endoplasms
  5 giant cockroaches
  12 goblins
  2 hobgoblins
  3 jackals (D:4)
  2 quokkas
  6 ball pythons
  3 frilled lizards
  2 kobolds
  26 rats
96 creatures vanquished.

Notes
Turn   | Place    | Note
-------+----------+-------------------------------------------
     0 | D:1      | Kaptain the Octopode Earth Elementalist began the quest for
                  | the Orb.
     0 | D:1      | Reached XP level 1. HP: 11/11 MP: 3/3
   166 | D:1      | Reached XP level 2. HP: 13/17 MP: 0/5
   525 | D:1      | Found a faded altar of an unknown god.
   778 | D:2      | Reached XP level 3. HP: 22/22 MP: 1/6
  1904 | D:3      | Found a snail-covered altar of Cheibriados.
  1916 | D:3      | Reached skill level 1 in Fighting
  1916 | D:3      | Reached XP level 4. HP: 17/28 MP: 1/8
  2169 | D:3      | Learned a level 3 spell: Stone Arrow
  2515 | D:3      | Reached XP level 5. HP: 33/33 MP: 5/9
  2521 | D:3      | Reached skill level 4 in Earth Magic
  2615 | D:3      | Found a basalt altar of Yredelemnul.
  2829 | D:4      | Reached skill level 1 in Conjurations
  3210 | D:4      | Noticed a water moccasin
  3218 | D:4      | Killed a water moccasin
  3219 | D:4      | Reached XP level 6. HP: 32/39 MP: 5/11
  3345 | D:4      | Found a sacrificial altar of Ru.
  3353 | D:4      | Learned a level 1 spell: Animate Skeleton
  3355 | D:4      | Learned a level 1 spell: Summon Small Mammal
  3892 | D:4      | Noticed Ijyb
  3913 | D:4      | Paralysed by Ijyb for 5 turns
  3920 | D:4      | Killed Ijyb
  3921 | D:4      | Reached XP level 7. HP: 43/45 MP: 7/12
  4190 | D:4      | Found a runed translucent door.
  4194 | D:4      | Noticed Miritol's ghost (amateur PaDe)
  4255 | D:4      | Killed Miritol's ghost
  4540 | D:5      | Entered Level 5 of the Dungeon
  4653 | D:5      | Reached skill level 5 in Earth Magic
  4669 | D:5      | Mangled by an ice beast

Illustrated notes

Levels and vault maps discovered:
D:1:      lemuel_arrival_hallway, layout_rooms,
          shapermc_ecumenical_altar_starsandcircs
D:2:      layout_basic
D:3:      layout_loops_ring, general_overflow_altar, slow_altar_1,
          chequers_serial_rivers_small_3
D:4:      kennysheep_goblin_castle, layout_cave_pools, nicolae_ru_awakened_eye,
          ebering_ghost_reflecting_pool, minmay_rat_hole
D:5:      layout_rooms

Skill      XL: |  1  2  3  4  5  6  7 |
---------------+----------------------+-----
Stealth        | 3 4 |  4.5
Fighting       | 1 2 |  2.3
Spellcasting   | 3 4 |  4.0
Earth Magic    | 4 5 |  5.0
Conjurations   | 1 2 |  2.9
Dodging        | 3 |  3.2
Transmutations | |  1.0

Action                   |  1- 3 |  4- 6 |  7- 9 || total
-------------------------+-------+-------+-------++-------
Melee: Short sword       |    24 |       |       ||    24
       Constrict         |     5 |    10 |     3 ||    18
       Tentacles         |     4 |     7 |     4 ||    15
       Punch             |     1 |     1 |       ||     2
       Dagger            |     1 |       |       ||     1
       Rapier            |     6 |    12 |       ||    18
       Trident           |       |    43 |     9 ||    52
 Fire: Hunting sling     |       |       |     6 ||     6
Throw: Dart              |     9 |     3 |       ||    12
 Cast: Sandblast         |    33 |    42 |    29 ||   104
       Animate Skeleton  |       |    11 |       ||    11
       Stone Arrow       |       |     1 |       ||     1
  Use: Scroll            |     3 |     3 |     1 ||     7
       Potion            |     1 |       |     2 ||     3
 Stab: Sleeping          |     9 |    16 |       ||    25
Armor: Skin              |       |     2 |     2 ||     4
Dodge: Dodged            |    19 |    32 |    18 ||    69
